 Dungeon Crawl Stone Soup version 0.16-a0-3134-g9b1347a (webtiles) character file.

107 Grim the Slasher (level 4, -1/29 HPs)
             Began as a High Elf Skald on Dec 14, 2014.
             Slain by an orc wizard
             ... wielding a +0 dagger
              (3 damage)
             ... on level 3 of the Dungeon.
             The game lasted 00:11:01 (3851 turns).

Grim the Slasher (High Elf Skald)                   Turns: 3851, Time: 00:11:01

Health: -1/29      AC:  2    Str: 11    XL:     4   Next: 57%
Magic:  7/11       EV: 12    Int: 17    God:
Gold:   159        SH:  0    Dex: 14    Spells: 2 memorised, 4 levels left

rFire  . . .     SeeInvis .     a - +0 falchion
rCold  . . .     Clarity  .     n - +0 robe (curse)
rNeg   . . .     SustAb   .     (no shield)
rPois  .         Gourm    .     (no helmet)
rElec  .         Spirit   .     (no cloak)
rCorr  .         Warding  .     (no gloves)
rMut   .         Stasis   .     (no boots)
MR     .....                    (no amulet)
Stlth  +.........               (no ring)
                                (no ring)

@: about to teleport, infused, singing, not resistant to hostile enchantments,
very unstealthy
A: no striking features
a: Stop Singing


You were on level 3 of the Dungeon.
You were hungry.

You visited 1 branch of the dungeon, and saw 3 of its levels.

You collected 159 gold pieces.

Inventory:

Hand weapons
 a - a +0 falchion (weapon)
Armour
 b - a +0 leather armour
 m - a +0 chain mail
 n - a cursed +0 robe (worn)
Scrolls
 h - 2 scrolls of teleportation
Potions
 e - a potion of restore abilities
 i - a potion of cancellation
 k - 3 potions of brilliance
 l - a potion of mutation {unknown}
 o - a potion of flight {unknown}
Books
 c - a book of Battle

   Spells                             Type                      Level
   a - Infusion                       Charms                       1
   b - Shroud of Golubria             Charms/Translocation         2
   c - Song of Slaying                Charms                       2
   d - Spectral Weapon                Hexes/Charms                 3
   e - Regeneration                   Charms/Necromancy            3
Comestibles
 d - a bread ration
 f - a meat ration
 j - a royal jelly


   Skills:
 - Level 2.0 Fighting
 - Level 5.1 Long Blades
 - Level 0.8 Armour
 - Level 1.1 Dodging
 - Level 2.4 Spellcasting
 + Level 4.5 Charms


You had 4 spell levels left.
You knew the following spells:

 Your Spells              Type           Power        Failure   Level  Hunger
a - Infusion              Chrm           ###...       2%          1    #......
b - Song of Slaying       Chrm           ###.....     4%          2    ##.....


Dungeon Overview and Level Annotations

Branches:
Dungeon (3/15)

Altars:


Message History

Deactivating autopickup; reactivate with Ctrl-A.
You closely miss the orc. You miss something.
You hear some strange, mumbled words.
The puff of flame hits you!
* * * LOW HITPOINT WARNING * * *
The orc completely misses you. The orc hits you with a hand axe.
* * * LOW HITPOINT WARNING * * *
Found a stone staircase leading up.
Things that are here:
a flail; an orc corpse You barely miss the orc.
Something barely misses you. The orc hits you with a hand axe.
* * * LOW HITPOINT WARNING * * *
The orc closely misses you. Something hits you.
* * * LOW HITPOINT WARNING * * *
Read which item? (? for menu, Esc to quit)
As you read the scroll of teleportation, it crumbles to dust.
You feel strangely unstable. Something hits you.
You die...

#### ##
##########..#########
.###....................
.##.....###...♣..#######
.##.....# #..P...#
.##..#..####....#########
###.>..........{@oo......
..#.....#########o.......
#.#####.# .......
#.......# .......
#.....### ....... ......#
...... ......###.#+ ....<
............ ....
.....#####.. #


You could see 3 orcs.

Vanquished Creatures
  Terence (D:2)
  5 adders
  A worm (D:3)
  2 orcs
  7 bats
  7 hobgoblins
  8 kobolds
  A giant gecko (D:3)
  4 giant newts
  6 goblins
  8 rats
50 creatures vanquished.

Notes
Turn   | Place    | Note
--------------------------------------------------------------
     0 | D:1      | Grim, the High Elf Skald, began the quest for the Orb.
     0 | D:1      | Reached XP level 1. HP: 14/14 MP: 4/4
   268 | D:1      | Reached XP level 2. HP: 19/19 MP: 3/6
   760 | D:1      | Reached skill level 4 in Long Blades
  1214 | D:2      | Reached XP level 3. HP: 16/24 MP: 4/8
  1437 | D:2      | Noticed Terence
  1467 | D:2      | Killed Terence
  1698 | D:2      | Reached skill level 5 in Long Blades
  2054 | D:2      | Reached XP level 4. HP: 9/29 MP: 11/11
  2897 | D:3      | Learned a level 2 spell: Song of Slaying
  3851 | D:3      | Slain by an orc wizard

Action                   |  1- 3 |  4- 6 || total
-------------------------+-------+-------++-------
Melee: Falchion          |   129 |    64 ||   193
 Cast: Infusion          |    17 |     4 ||    21
       Song of Slaying   |       |     2 ||     2
  Use: Scroll            |     1 |     3 ||     4
       Potion            |       |     2 ||     2
  Eat: Chunk             |     4 |       ||     4
       Meat ration       |       |     1 ||     1
